 Dungeon Crawl Stone Soup version 0.31-a0-14-gc80a10f4b6 (webtiles) character file.

Game seed: 13267389376363386669

991 bande the Chopper (level 8, -5/49 HPs)
             Began as a Gargoyle Fighter on May 8, 2023.
             Was a Follower of Okawaru.
             Slain by Dowan
             ... wielding a +2 dagger of distortion
              (6 damage)
             ... on level 5 of the Dungeon.
             The game lasted 00:08:39 (3414 turns).

bande the Chopper (Gargoyle Fighter)                Turns: 3414, Time: 00:08:40

Health: -5/49      AC: 15    Str: 19    XL:     8   Next: 18%
Magic:  9/9        EV:  9    Int: 10    God:    Okawaru [*.....]
Gold:   200        SH: 10    Dex: 11    Spells: 7/7 levels left

rFire   . . .        q - +0 broad axe
rCold   . . .        c - +0 buckler
rNeg    + . .        b - +0 scale mail
rPois   ∞            (no helmet)
rElec   +            e - +1 cloak
rCorr   .            (no gloves)
SInv    .            (no boots)
Will    .....        t - amulet of reflection Stlth
                     (no ring)
HPRegen 0.28/turn    (no ring)
MPRegen 0.11/turn

%: reflection
@: no status effects
A: sickness immunity, AC +5, negative energy resistance 1, electricity
resistance, torment resistance 1, petrification resistance
a: Renounce Religion, Heroism


You were on level 5 of the Dungeon.
You worshipped Okawaru.
Okawaru was aware of your devotion.
You visited 2 branches of the dungeon, and saw 6 of its levels.

You collected 200 gold pieces.

Inventory:

Hand Weapons
 a - a +0 war axe
 j - a +0 flail
 q - a +0 broad axe (weapon)
Missiles
 i - 2 throwing nets (quivered)
Armour
 b - a +0 scale mail (worn)
 c - a +0 buckler (worn)
 e - a +1 cloak (worn)
Jewellery
 t - an amulet of reflection (around neck)
Scrolls
 h - 3 scrolls of teleportation
 l - a scroll of enchant armour
 o - 2 scrolls of poison
 s - a scroll of amnesia
 v - a scroll of fog
Potions
 d - a potion of might
 f - 2 potions of invisibility
 g - a potion of resistance
 k - 2 potions of curing
 m - a potion of brilliance {unknown}
 n - 2 potions of heal wounds
 p - a potion of degeneration {unknown}
 r - a potion of ambrosia {unknown}
 u - a potion of lignification {unknown}


   Skills:
 + Level 5.2 Fighting
 + Level 6.3 Axes
 + Level 4.8 Armour
 + Level 4.6 Shields
 * Level 2.1 Invocations


You had 7 spell levels left.
You didn't know any spells.
Your spell library contained the following spells:

 Spells                   Type           Power      Damage    Failure   Level
 Lesser Beckoning         Tloc           0%         N/A       90%         2
 Gell's Gravitas          Tloc           0%         N/A       99%         3
 Teleport Other           Tloc           0%         N/A       99%         3
 Orb of Destruction       Conj           0%         9d5       100%        7
 Summon Guardian Golem    Hex/Summ       Unusable   N/A       N/A         3
 Spellforged Servitor     Conj/Summ      Unusable   N/A       N/A         7

Dungeon Overview and Level Annotations

Branches:
Dungeon (5/15)             Temple (1/1) D:4

Altars:
Ashenzari
Fedhas
Gozag
Hepliaklqana
Makhleb
Okawaru
Uskayaw
Vehumet
Wu Jian
Xom
Zin
The Shining One

Annotations:
D:5 Dowan


Innate Abilities, Weirdness & Mutations

You are immune to sickness and miasma.
Your stone body is resilient. (AC +5)
You are immune to poison.
You resist negative energy. (rN+)
You are resistant to electric shocks. (rElec)
You are resistant to unholy torment.
You are immune to petrification.


Message History

You completely miss Duvessa.
Duvessa is almost dead.
Duvessa hits you with a +0 short sword. You block Duvessa's attack.
You hit Duvessa but do no damage.
Duvessa is almost dead.
You block Duvessa's attack. Duvessa hits you but does no damage.
You hit Duvessa.
Duvessa is almost dead.
Duvessa hits you but does no damage.
You hit Duvessa but do no damage.
Duvessa is almost dead.
Duvessa hits you with a +0 short sword.
You hit Duvessa.
You kill Duvessa!
Okawaru accepts your kill.
You can now gain great but temporary skills.
Dowan screams, "No!
Oh no!"
Dowan seems to find hidden reserves of power!
Dowan hits you with a +2 dagger of distortion.
Space warps around you.
Your Invocations skill increases to level 2!
You hit Dowan.
Dowan is lightly wounded.
Dowan gestures at you while chanting. The stone arrow hits you.
Dowan casts a spell at you.
You block stone arrow... and reflect it back!
The stone arrow hits Dowan.
You slash Dowan!
Dowan is heavily wounded.
You block Dowan's attack.
Dowan hits you with a +2 dagger of distortion.
Space warps horribly around you!
* * * LOW HITPOINT WARNING * * *
You closely miss Dowan.
Dowan is heavily wounded.
Dowan hits you with a +2 dagger of distortion.
* * * LOW HITPOINT WARNING * * *
Space warps horribly around you.
You die...

......#.## .........
.##......######
..............#
..............#
..>........#..#
.........###..#
.##.#..).###.#......
#.#.#)##.@###.####
.###.#.#)##.#e# .#
.........##. S.. #
.........##. ....#
####.#..###. ....#
#.##†# #. ...... #.#
#. ....### #.# #.
#.#.# #.##.###..#


You could see Dowan (fast) and an adder.

Vanquished Creatures
  Grinder (D:3)
  Duvessa (D:5)
  A sky beast (D:4)
  2 scorpions
  4 wights (D:5)
  An orc priest (D:4)
  A hound (D:5)
  An orc wizard (D:4)
  4 gnolls
  4 adders (D:2)
  3 worms
  4 dart slugs
  5 orcs
  4 ball pythons
  6 endoplasms
  3 giant cockroaches
  9 goblins
  11 hobgoblins
  6 jackals (D:1)
  4 quokkas
  9 bats
  3 frilled lizards
  8 kobolds
  8 rats
103 creatures vanquished.

Notes
Turn   | Place    | Note
-------+----------+-------------------------------------------
     0 | D:1      | bande the Gargoyle Fighter began the quest for the Orb.
     0 | D:1      | Reached XP level 1. HP: 14/14 MP: 1/1
   104 | D:1      | Reached XP level 2. HP: 10/19 MP: 2/2
   297 | D:1      | Reached skill level 2 in Axes
   379 | D:1      | Reached XP level 3. HP: 24/24 MP: 3/3
   729 | D:2      | Found a faded altar of an unknown god.
   794 | D:2      | You fall into a shaft and drop 1 floor!
   897 | D:2      | Reached XP level 4. HP: 29/29 MP: 4/4
   992 | D:2      | Reached skill level 3 in Axes
  1087 | D:2      | Found a hide-covered altar of Uskayaw.
  1305 | D:2      | Reached XP level 5. HP: 25/33 MP: 5/5
  1966 | D:3      | Noticed Grinder
  1970 | D:3      | Paralysed by Grinder for 5 turns
  1998 | D:3      | Killed Grinder
  1999 | D:3      | Reached skill level 4 in Axes
  1999 | D:3      | Reached XP level 6. HP: 11/39 MP: 6/6
  2725 | D:4      | Found a staircase to the Ecumenical Temple.
  2726 | D:4      | Noticed a sky beast
  2750 | D:4      | Killed a sky beast
  2751 | D:4      | Reached skill level 5 in Axes
  2751 | D:4      | Reached XP level 7. HP: 44/44 MP: 7/7
  3045 | D:4      | Found a burning altar of Makhleb.
  3045 | D:4      | Found a blossoming altar of Fedhas.
  3120 | Temple   | Entered the Ecumenical Temple
  3135 | Temple   | Became a worshipper of Warmaster Okawaru
  3166 | D:5      | Entered Level 5 of the Dungeon
  3207 | D:5      | Reached skill level 5 in Fighting
  3215 | D:5      | Reached skill level 1 in Invocations
  3221 | D:5      | Reached skill level 6 in Axes
  3373 | D:5      | Noticed Duvessa
  3373 | D:5      | Noticed Dowan
  3384 | D:5      | Reached XP level 8. HP: 41/49 MP: 9/9
  3411 | D:5      | Killed Duvessa
  3411 | D:5      | Reached * piety under Okawaru
  3414 | D:5      | HP: 1/49 [Dowan/+2 dagger of distortion (6)]
  3414 | D:5      | Slain by Dowan

Illustrated notes

Levels and vault maps discovered:
D:1:      eino_arrival_water_star, layout_rooms, chequers_serial_rivers_micro_b,
          minmay_misc_feat_tiny, nicolae_concentric_dashed_squares_mild,
          minmay_pentomino_t4
D:2:      minmay_diamond_boxcup, layout_basic, basic_altar,
          ebering_ecumenical_altar_sacrificial
D:3:      layout_basic, uniq_grinder
D:4:      layout_rooms, gammafunk_temple_overflow_wave,
          minmay_temple_entry_antechambers
D:5:      layout_loops_ring, old_standard_altar, hellmonk_ghost_happy_afterlife,
          uniq_duvessa
Temple:   hellmonk_temple_of_storms

Skill      XL: |  1  2  3  4  5  6  7  8 |
---------------+-------------------------+-----
Axes           | 2 3 4 5 6 |  6.3
Fighting       | 4 5 |  5.2
Armour         | 4 |  4.8
Shields        | 4 |  4.6
Invocations    | 1 2 |  2.1

Action                     |  1- 3 |  4- 6 |  7- 9 || total
---------------------------+-------+-------+-------++-------
  Melee: War axe           |   100 |   143 |       ||   243
         Broad axe         |       |    42 |    93 ||   135
    Use: Scroll            |     5 |     7 |     4 ||    16
 Armour: Scale mail        |    60 |   119 |    39 ||   218
  Dodge: Dodged            |    61 |    80 |    24 ||   165
  Block: Buckler           |    20 |    44 |    41 ||   105
         Reflection        |       |       |     1 ||     1

Table legend: (Time is in decaauts)
 A = Elapsed time spent in this place.
 B = Non-inter-level travel time spent in this place.
 C = Inter-level travel time spent in this place.
 D = Time resting spent in this place.
 E = Time spent auto-exploring this place.
 F = Levels seen in this place.
 G = Mean time per level.
                   A        B        C        D        E       F      G
               +--------+--------+--------+--------+--------+-----+--------+
         Total |   3561 |   3430 |    131 |    473 |   1960 |   6 |  593.5 |
       Dungeon |   3535 |   3413 |    122 |    473 |   1960 |   5 |  707.0 |
        Temple |     25 |     16 |      9 |      0 |      0 |   1 |   25.0 |
               +--------+--------+--------+--------+--------+-----+--------+

Top non-repeatable levels by time:
     D:3: 1100 daAuts
     D:2: 919 daAuts
     D:1: 764 daAuts
     D:4: 478 daAuts
     D:5: 272 daAuts
  Temple: 25 daAuts
